Map: Orbital Shipyard

Players

LilDicky - Winner!

  • Race: Terran Terran
  • League: Diamond

grep

  • Race: Zerg Zerg
  • League: Platinum

VOD

http://www.twitch.tv/tumescentpie

Description

Time

  • Played on: Nov. 24, 2015, 5:10 p.m.
  • Length: 11:13
Show
View Real Time Build Order
Export as new Build Order

LilDicky Terran - Winner!

Build Orders: Liberator Opening, MMM Bio 

Get SALT Encoding   

  12  0:04  SCV  
  13  0:16  SCV  
  14  0:25  Supply Depot  
  14  0:28  SCV  
  14  0:34  Refinery  
  15  0:47  SCV  
  16  0:50  Barracks  
  16  0:59  SCV  
  17  1:11  SCV  
  18  1:23  SCV  
  20  1:40  Reaper  
  20  1:44  Orbital Command  
  20  1:46  Command Center  
  20  1:53  Refinery  
  20  2:00  Supply Depot  
  20  2:12  Reaper  
  21  2:18  SCV  
  22  2:25  Factory  
  22  2:30  SCV  
  23  2:42  SCV  
  24  2:54  SCV  
  25  2:58  Barracks Reactor  
  25  3:05  Orbital Command  
  25  3:09  Hellion  
  25  3:11  SCV, Starport  
  28  3:23  SCV  
  29  3:35  SCV  
  29  3:36  Liberator  
  29  3:38  SCV  
  31  3:42  Barracks Reactor  
  31  3:44  Hellion x2  
  31  3:47  SCV  
  40  3:55  SCV  
  40  4:01  SCV  
  41  4:06  Hellion x2  
  41  4:07  SCV  
  46  4:28  Hellion  
  46  4:31  Hellion  
  46  4:42  Barracks Tech Lab  
  42  4:46  SCV x2  
  42  4:49  Hellion  
  42  4:51  Barracks x2  
  46  4:53  Command Center  
  46  4:57  Liberator  
  46  5:07  Liberator  
  46  5:14  SCV, Hellion x2  
  46  5:15  Supply Depot  
  46  5:16  Supply Depot  
  46  5:17  Supply Depot  
  54  5:35  Stimpack  
  54  5:36  Marine  
  54  5:37  Hellion  
  54  5:40  Barracks Reactor, Barracks Tech Lab  
  57  5:43  Supply Depot, SCV x2  
  57  5:45  Supply Depot  
  55  6:12  Supply Depot  
  55  6:13  Supply Depot  
  55  6:14  Factory Reactor  
  55  6:17  Supply Depot  
  55  6:19  Orbital Command  
  55  6:20  Marine x2  
  55  6:21  Marine x2  
  55  6:22  Medivac x2  
  55  6:23  SCV x2  
  64  6:36  SCV x2  
  64  6:38  Combat Shields, Marine x3  
  64  6:39  Marine  
  70  6:43  Orbital Command  
  70  6:48  SCV x2  
  72  6:56  Marine x2  
  72  6:57  Marauder  
  72  6:58  Marauder  
  72  7:00  SCV  
  79  7:01  Medivac x2  
  79  7:06  SCV  
  84  7:10  Refinery x2  
  84  7:14  Marine  
  85  7:16  Marine  
  85  7:18  Widow Mine x2, Marine  
  85  7:19  Marauder  
  85  7:20  SCV x2  
  85  7:22  SCV  
  96  7:32  SCV  
  96  7:36  Marauder  
  99  7:59  Marine x3  
  99  8:00  Marauder  
  104  8:10  SCV x2  
  104  8:12  Engineering Bay  
  106  8:14  Engineering Bay  
  106  8:16  Marine  
  106  8:17  Marine x2  
  109  8:23  Barracks  
  109  8:24  Barracks x4  
  109  8:27  Supply Depot  
  109  8:30  Supply Depot  
  109  8:32  Supply Depot  
  109  8:49  SCV, Marauder, Marine x3  
  109  8:51  Terran Infantry Weapons Level 1, Terran Infantry Armor Level 1  
  109  8:53  Missile Turret  
  109  8:55  Missile Turret  
  115  8:56  Missile Turret  
  115  9:00  Missile Turret  
  115  9:03  Missile Turret x3  
  115  9:07  Marauder, Concussive Shells, Marine x2  
  119  9:11  Widow Mine x2, Marauder  
  119  9:12  Medivac x2  
  119  9:14  Barracks Reactor x2, Marine  
  130  9:19  Missile Turret  
  130  9:20  Missile Turret  
  130  9:22  Missile Turret  
  130  9:24  Marine x2  
  130  9:25  Missile Turret  
  130  9:28  Marine  
  133  9:31  Missile Turret  
  133  9:35  Armory  
  133  9:38  Marine x2  
  133  9:39  SCV, Widow Mine  
  133  9:42  Marine x2  
  133  9:43  Supply Depot  
  133  9:44  Supply Depot  
  133  9:45  Supply Depot  
  140  9:46  Marauder, Widow Mine  
  140  9:49  Medivac  
  140  9:51  Medivac  
  140  9:52  Marine x2  
  149  9:56  Barracks Reactor x2, Marine  
  149  9:57  Marauder  
  153  10:00  Marine x2  
  153  10:02  Marine x2  
  157  10:08  Marauder  
  157  10:10  Marine  
  157  10:13  Widow Mine  
  162  10:16  Marine  
  162  10:18  Marauder  
  162  10:20  Marine  
  162  10:21  Marine  
  167  10:22  SCV  
  167  10:26  Marine  
  167  10:27  SCV  
  170  10:29  SCV, Marauder  
  170  10:30  Marine  
  174  10:39  Marauder  
  165  10:50  Marauder  
Show
View Real Time Build Order
Export as new Build Order

grep Zerg 

Build Orders: Hatch First, Muta Ling Bane 

Get SALT Encoding   

  12  0:01  Drone  
  13  0:12  Overlord  
  13  0:19  Drone  
  14  0:30  Drone x2  
  16  0:36  Drone  
  17  0:45  Drone  
  18  0:58  Hatchery  
  18  1:00  Drone  
  18  1:13  Spawning Pool  
  18  1:17  Drone, Extractor  
  17  1:28  Overlord  
  17  1:29  Drone  
  18  1:42  Drone  
  19  1:50  Drone  
  20  1:59  Queen  
  22  2:03  Drone  
  23  2:14  Drone  
  23  2:15  Queen  
  26  2:18  Drone  
  26  2:21  Metabolic Boost  
  27  2:23  Zergling x2  
  27  2:27  Drone  
  29  2:34  Drone x2  
  31  2:45  Drone x2  
  31  2:49  Queen  
  35  2:54  Drone  
  35  2:57  Overlord  
  36  3:07  Baneling Nest  
  36  3:08  Evolution Chamber, Drone  
  36  3:09  Drone  
  36  3:10  Overlord x2  
  36  3:19  Drone x2  
  38  3:36  Zerg Melee Weapons Level 1  
  38  3:37  Zergling x10  
  43  3:45  Drone  
  43  3:46  Zergling x4  
  46  3:56  Zergling x4  
  48  4:04  Zergling x4  
  50  4:10  Lair  
  50  4:13  Zergling x2  
  50  4:14  Extractor, Zergling x8  
  54  4:27  Zergling x8  
  52  4:36  Zergling x4  
  52  4:49  Zergling x4  
  54  5:11  Zergling x10  
  59  5:19  Baneling  
  59  5:20  Baneling x5  
  59  5:22  Overlord x2  
  59  5:33  Overlord x2  
  59  5:50  Hatchery  
  41  6:10  Drone  
  41  6:11  Roach Warren, Drone x11  
  52  6:12  Spire  
  52  6:15  Extractor  
  52  6:17  Extractor  
  46  6:56  Spine Crawler  
  46  6:57  Spine Crawler  
  44  7:07  Drone  
  44  7:08  Drone x12  
  57  7:26  Mutalisk x4  
  57  7:28  Extractor  
  64  7:32  Extractor  
  64  7:34  Zergling x8  
  65  7:48  Zergling x6  
  53  8:00  Mutalisk x2  
  56  8:08  Zergling x14  
  63  8:20  Baneling x12  
  63  8:21  Centrifical Hooks  
  63  8:24  Zergling x2  
  63  8:25  Zergling x2  
  65  8:28  Zergling x2  
  65  8:31  Zergling x2  
  67  8:39  Mutalisk  
  67  8:41  Zergling x2  
  70  8:53  Mutalisk x3  
  76  9:17  Overlord x5  
  76  9:43  Mutalisk x5  
  86  10:03  Mutalisk x2  
  90  10:10  Hatchery  
  89  10:24  Hatchery  
  89  10:26  Mutalisk  
  89  10:27  Mutalisk x2  
  94  10:36  Mutalisk  
  94  10:38  Zergling x14  
Tags
 
Add a new tag
Caveats
  • Supply blocks, unpowered buildings, or Contaminate may cause inaccurate times.
  • Supply counts are checked every 10 seconds.